TOP OF THE 1ST |
Burlington Royals batting - Pitching for Texas (APP) Rangers : RHP Jim Canady
|
Pitching: RHP Jim Canady
|
|
Batting: LHB Ernesto Abreu
|
0-0: Foul Ball, location: 2F 0-1: Swinging Strike 0-2: Ball 1-2: Ground out 4-3 (Groundball, 4M, EV 83.8 MPH)
|
Batting: RHB Tim Persson
|
0-0: Called Strike 0-1: Ball 1-1: Foul Ball, location: 2F 1-2: Ball 2-2: Strikes out swinging
|
Batting: SHB Manny Berrones
|
0-0: Foul Ball, location: 2F 0-1: SINGLE (Groundball, 3D, EV 96.2 MPH)
|
Batting: SHB Danny Ballenger
|
0-0: Called Strike 0-1: Swinging Strike 0-2: Ball 1-2: SINGLE (Line Drive, 6M, EV 98.1 MPH) Manny Berrones to second
|
Batting: LHB Bobby Gonzalez
|
0-0: Ball 1-0: Ball 2-0: Ball 3-0: Called Strike 3-1: Base on Balls Manny Berrones to third Danny Ballenger to second
|
Batting: SHB Marcos Cortez
|
0-0: Ball 1-0: Ball 2-0: Called Strike 2-1: Ground out 4-3 (Groundball, 34D, EV 105.6 MPH)
|
Top of the 1st over - 0 runs, 2 hits, 0 errors, 3 left on base; Burlington 0 - Texas (APP) 0 |
BOTTOM OF THE 1ST |
Texas (APP) Rangers batting - Pitching for Burlington Royals : RHP Mike Tuck
|
Pitching: RHP Mike Tuck
|
|
Batting: LHB Walter Vegter
|
0-0: Ball 1-0: Ball 2-0: Swinging Strike 2-1: Swinging Strike 2-2: Foul Ball, location: 2F 2-2: Ball 3-2: Foul Ball, location: 2F 3-2: Strikes out swinging
|
Batting: RHB Robby Adair
|
0-0: Ball 1-0: Ball 2-0: Called Strike 2-1: Ball 3-1: Foul Ball, location: 2F 3-2: Strikes out swinging
|
Batting: LHB Tomoya Hashimoto
|
0-0: Foul Ball, location: 2F 0-1: SOLO HOME RUN (Flyball, 89XD, EV 107.5 MPH), Distance : 398 ft
|
Batting: RHB David Redman
|
0-0: Called Strike 0-1: Ball 1-1: Foul Ball, location: 2F 1-2: Strikes out swinging
|
Bottom of the 1st over - 1 run, 1 hit, 0 errors, 0 left on base; Burlington 0 - Texas (APP) 1 |
TOP OF THE 2ND |
Burlington Royals batting - Pitching for Texas (APP) Rangers : RHP Jim Canady
|
Batting: RHB Rob Ward
|
0-0: Ball 1-0: Ball 2-0: Fly out, F8 (Flyball, 8RXD, EV 89.4 MPH)
|
Batting: RHB Shane Bruce
|
0-0: Fly out, F4 (Popup, 4, EV 58.8 MPH)
|
Batting: LHB Hyoji Kawabata
|
0-0: Foul Ball, location: 2F 0-1: Swinging Strike 0-2: Ball 1-2: Strikes out swinging
|
Top of the 2nd over - 0 runs, 0 hits, 0 errors, 0 left on base; Burlington 0 - Texas (APP) 1 |
BOTTOM OF THE 2ND |
Texas (APP) Rangers batting - Pitching for Burlington Royals : RHP Mike Tuck
|
Batting: RHB Jay De Angelis
|
0-0: Called Strike 0-1: Foul Ball, location: 2F 0-2: SOLO HOME RUN (Flyball, 78XD, EV 97.5 MPH), Distance : 411 ft
|
Batting: RHB Matt Silva
|
0-0: Called Strike 0-1: Called Strike 0-2: Ball 1-2: Ground out 6-3 (Groundball, 6, EV 89.4 MPH)
|
Batting: SHB Mark Paquin
|
0-0: Ball 1-0: Ball 2-0: Foul Ball, location: 2F 2-1: Called Strike 2-2: SINGLE (Line Drive, 78S, EV 90.6 MPH)
|
Batting: RHB Alex Lopez
|
0-0: Ball 1-0: Ball Pickoff Throw to First - Error! E1 Mark Paquin to second 2-0: Ball 3-0: Called Strike 3-1: Base on Balls
|
Batting: RHB Rafael Tapia
|
0-0: Called Strike 0-1: Ball 1-1: Ball 2-1: Ball 3-1: Base on Balls Mark Paquin to third Alex Lopez to second
|
Batting: LHB Walter Vegter
|
0-0: Ball 1-0: SINGLE (Groundball, 4MD, EV 104.4 MPH) Mark Paquin scores Alex Lopez to third Rafael Tapia to second Throwing error, E8 Alex Lopez scores Rafael Tapia to third Walter Vegter to second
|
Batting: RHB Robby Adair
|
0-0: Ball 1-0: 3-RUN HOME RUN (Flyball, 7D, EV 96.9 MPH), Distance : 366 ft
|
Pitching: LHP Jake Warwick
|
|
Batting: LHB Tomoya Hashimoto
|
0-0: Ball 1-0: Ball 2-0: Ball 3-0: Called Strike 3-1: Foul Ball, location: 2F 3-2: Base on Balls
|
Batting: RHB David Redman
|
0-0: Called Strike 0-1: Ball 1-1: Foul Ball, location: 2F 1-2: Ball 2-2: Strikes out looking
|
Batting: RHB Jay De Angelis
|
0-0: Called Strike 0-1: Ball 1-1: SINGLE (Flyball, 8LS, EV 93.8 MPH) Tomoya Hashimoto to second
|
Batting: RHB Matt Silva
|
0-0: Ball 1-0: Foul Ball, location: 2F 1-1: Foul Ball, location: 2F 1-2: Strikes out swinging
|
Bottom of the 2nd over - 6 runs, 5 hits, 2 errors, 2 left on base; Burlington 0 - Texas (APP) 7 |
TOP OF THE 3RD |
Burlington Royals batting - Pitching for Texas (APP) Rangers : RHP Jim Canady
|
Batting: LHB Ernesto Abreu
|
0-0: Ball 1-0: Ball 2-0: Called Strike 2-1: Foul Ball, location: 2F 2-2: Ball 3-2: Strikes out swinging
|
Batting: RHB Tim Persson
|
0-0: Ball 1-0: Called Strike 1-1: Called Strike 1-2: Foul Ball, location: 2F 1-2: Foul Ball, location: 2F 1-2: Foul Ball, location: 2F 1-2: Foul Ball, location: 2F 1-2: Strikes out swinging
|
Batting: SHB Manny Berrones
|
0-0: Ball 1-0: Ball 2-0: Foul Ball, location: 2F 2-1: Foul Ball, location: 2F 2-2: SINGLE (Line Drive, 7S, EV 103.8 MPH)
|
Batting: SHB Danny Ballenger
|
0-0: Called Strike 0-1: Ball 1-1: Foul Ball, location: 2F 1-2: Fielders Choice at 2nd, 6-4 (Groundball, 6, EV 100.6 MPH)
|
Top of the 3rd over - 0 runs, 1 hit, 0 errors, 1 left on base; Burlington 0 - Texas (APP) 7 |
BOTTOM OF THE 3RD |
Texas (APP) Rangers batting - Pitching for Burlington Royals : LHP Jake Warwick
|
Batting: SHB Mark Paquin
|
0-0: Foul Ball, location: 2F 0-1: Called Strike 0-2: Foul Ball, location: 2F 0-2: Ball 1-2: Fly out, F9 (Flyball, 9S, EV 76.9 MPH)
|
Batting: RHB Alex Lopez
|
0-0: Ground out 6-3 (Groundball, 6, EV 83.8 MPH)
|
Batting: RHB Rafael Tapia
|
0-0: Ball 1-0: Called Strike 1-1: Ball 2-1: SOLO HOME RUN (Flyball, 78XD, EV 99.4 MPH), Distance : 404 ft
|
Batting: LHB Walter Vegter
|
0-0: Fly out, F8 (Flyball, 89M, EV 89.4 MPH)
|
Bottom of the 3rd over - 1 run, 1 hit, 0 errors, 0 left on base; Burlington 0 - Texas (APP) 8 |
TOP OF THE 4TH |
Burlington Royals batting - Pitching for Texas (APP) Rangers : RHP Jim Canady
|
Batting: LHB Bobby Gonzalez
|
0-0: Ball 1-0: Swinging Strike 1-1: Ball 2-1: Swinging Strike 2-2: Strikes out swinging
|
Batting: SHB Marcos Cortez
|
0-0: Ball 1-0: Foul Ball, location: 2F 1-1: Ball 2-1: Foul Ball, location: 2F 2-2: Strikes out swinging
|
Batting: RHB Rob Ward
|
0-0: Ball 1-0: Ball 2-0: Called Strike 2-1: Ground out 6-3 (Groundball, 6, EV 111.2 MPH)
|
Top of the 4th over - 0 runs, 0 hits, 0 errors, 0 left on base; Burlington 0 - Texas (APP) 8 |
BOTTOM OF THE 4TH |
Texas (APP) Rangers batting - Pitching for Burlington Royals : LHP Jake Warwick
|
Batting: RHB Robby Adair
|
0-0: Ball 1-0: Ball 2-0: Foul Ball, location: 2F 2-1: Fly out, F9 (Flyball, 9D, EV 87.5 MPH)
|
Batting: LHB Tomoya Hashimoto
|
0-0: Ball 1-0: Called Strike 1-1: Called Strike 1-2: Strikes out swinging
|
DELAY
|
Rain delay of 63 minutes in the 4th inning.
|
Pitching: RHP Junsuke Abe
|
|
Batting: RHB David Redman
|
0-0: Ball 1-0: Swinging Strike 1-1: Ball 2-1: Fly out, F3 (Popup, 34S, EV 76.9 MPH)
|
Bottom of the 4th over - 0 runs, 0 hits, 0 errors, 0 left on base; Burlington 0 - Texas (APP) 8 |
TOP OF THE 5TH |
Burlington Royals batting - Pitching for Texas (APP) Rangers : RHP Jim Canady
|
Batting: RHB Shane Bruce
|
0-0: Called Strike 0-1: Ball 1-1: Called Strike 1-2: Foul Ball, location: 2F 1-2: Strikes out looking
|
Batting: LHB Hyoji Kawabata
|
0-0: Called Strike 0-1: Foul Ball, location: 2F 0-2: Strikes out swinging
|
Batting: LHB Ernesto Abreu
|
0-0: Ball 1-0: Swinging Strike 1-1: Swinging Strike 1-2: Foul Ball, location: 2F 1-2: Ball 2-2: SINGLE (Groundball, 4MD, EV 101.9 MPH)
|
Batting: RHB Tim Persson
|
0-0: Called Strike 0-1: Ground out 4-3 (Groundball, 34, EV 103.1 MPH)
|
Top of the 5th over - 0 runs, 1 hit, 0 errors, 1 left on base; Burlington 0 - Texas (APP) 8 |
BOTTOM OF THE 5TH |
Texas (APP) Rangers batting - Pitching for Burlington Royals : RHP Junsuke Abe
|
Batting: RHB Jay De Angelis
|
0-0: Ground out 4-3 (Groundball, 4, EV 103.8 MPH)
|
Batting: RHB Matt Silva
|
0-0: Ball 1-0: Called Strike 1-1: Ball 2-1: Ball 3-1: SINGLE (Groundball, 4MD, EV 93.8 MPH)
|
Batting: SHB Mark Paquin
|
0-0: Ball 1-0: Ball 2-0: Grounds into double play, 4-6-3 (Groundball, 4, EV 97.5 MPH)
|
Bottom of the 5th over - 0 runs, 1 hit, 0 errors, 0 left on base; Burlington 0 - Texas (APP) 8 |
TOP OF THE 6TH |
Burlington Royals batting - Pitching for Texas (APP) Rangers : RHP Jim Canady
|
Pitching: RHP Logan Dietz
|
|
Batting: SHB Manny Berrones
|
0-0: Called Strike 0-1: Ball 1-1: Swinging Strike 1-2: Strikes out swinging
|
Batting: SHB Danny Ballenger
|
0-0: Called Strike 0-1: Ground out U3 (Groundball, 34S, EV 93.1 MPH)
|
Batting: LHB Bobby Gonzalez
|
0-0: Foul Ball, location: 2F 0-1: Swinging Strike 0-2: Ball 1-2: Foul Ball, location: 2F 1-2: Ball 2-2: Strikes out looking
|
Top of the 6th over - 0 runs, 0 hits, 0 errors, 0 left on base; Burlington 0 - Texas (APP) 8 |
BOTTOM OF THE 6TH |
Texas (APP) Rangers batting - Pitching for Burlington Royals : RHP Junsuke Abe
|
Batting: RHB Alex Lopez
|
0-0: Ball 1-0: Ball 2-0: Foul Ball, location: 2F 2-1: Foul Ball, location: 2F 2-2: Strikes out looking
|
Batting: RHB Rafael Tapia
|
0-0: Ball 1-0: Ball 2-0: Ball 3-0: Called Strike 3-1: Swinging Strike 3-2: Base on Balls
|
Batting: LHB Walter Vegter
|
0-0: Called Strike 0-1: Ball Rafael Tapia steals 2nd base 1-1: Ball 2-1: Fly out, F9 (Flyball, 9LD, EV 97.5 MPH) Runner from 2nd tags up, SAFE at 3rd, no throw by RF
|
Batting: RHB Robby Adair
|
0-0: Called Strike 0-1: Foul Ball, location: 2F 0-2: Ball 1-2: 2-RUN HOME RUN (Line Drive, 8RXD, EV 115.6 MPH), Distance : 450 ft
|
Batting: LHB Tomoya Hashimoto
|
0-0: Ball 1-0: Swinging Strike 1-1: Ball 2-1: Ball 3-1: Foul Ball, location: 2F 3-2: Base on Balls
|
Batting: RHB David Redman
|
0-0: Ball 1-0: Ball 2-0: Foul Ball, location: 2F 2-1: Swinging Strike 2-2: Ball 3-2: Base on Balls Tomoya Hashimoto to second
|
Batting: RHB Jay De Angelis
|
0-0: Swinging Strike 0-1: Ball 1-1: Called Strike 1-2: Ball 2-2: Foul Ball, location: 2F 2-2: Ground out U3 (Groundball, 34, EV 80.6 MPH)
|
Bottom of the 6th over - 2 runs, 1 hit, 0 errors, 2 left on base; Burlington 0 - Texas (APP) 10 |
TOP OF THE 7TH |
Burlington Royals batting - Pitching for Texas (APP) Rangers : RHP Logan Dietz
|
Now in LF: Jordan Llanes
|
|
Batting: SHB Marcos Cortez
|
0-0: Ball 1-0: Ball 2-0: Foul Ball, location: 2F 2-1: Foul Ball, location: 2F 2-2: Strikes out swinging
|
Batting: RHB Rob Ward
|
0-0: Swinging Strike 0-1: Ball 1-1: Ball 2-1: Foul Ball, location: 2F 2-2: Foul Ball, location: 2F 2-2: Strikes out swinging
|
Batting: RHB Shane Bruce
|
0-0: Called Strike 0-1: Swinging Strike 0-2: Ball 1-2: Strikes out swinging
|
Top of the 7th over - 0 runs, 0 hits, 0 errors, 0 left on base; Burlington 0 - Texas (APP) 10 |
BOTTOM OF THE 7TH |
Texas (APP) Rangers batting - Pitching for Burlington Royals : RHP Junsuke Abe
|
Pitching: RHP Kolenka Leschenya
|
|
Batting: RHB Matt Silva
|
0-0: Ball 1-0: SINGLE (Groundball, 56S, EV 74.4 MPH) (infield hit)
|
Batting: SHB Mark Paquin
|
0-0: Ball 1-0: Foul Ball, location: 2F 1-1: Called Strike 1-2: Ball 2-2: Ball 3-2: Fielders Choice at 2nd, 4-6 (Groundball, 4, EV 81.9 MPH)
|
Batting: RHB Alex Lopez
|
0-0: Fly out, F8 (Flyball, 8RD, EV 83.8 MPH)
|
Pinch Hitting: RHB Jeremy Palac
|
0-0: Called Strike 0-1: Ball 1-1: SINGLE (Flyball, 34D, EV 90.0 MPH) Mark Paquin to second
|
Batting: LHB Walter Vegter
|
0-0: Called Strike 0-1: Foul Ball, location: 2F 0-2: Ball 1-2: Foul Ball, location: 2F 1-2: Fly out, F5 (Line Drive, 5, EV 64.4 MPH)
|
Bottom of the 7th over - 0 runs, 2 hits, 0 errors, 2 left on base; Burlington 0 - Texas (APP) 10 |
TOP OF THE 8TH |
Burlington Royals batting - Pitching for Texas (APP) Rangers : RHP Logan Dietz
|
Now at 1B: Matt Silva
|
|
Now at 2B: Alex Lopez
|
|
Now at SS: Mark Paquin
|
|
Now in RF: Jeremy Palac
|
|
Batting: LHB Hyoji Kawabata
|
0-0: Ball 1-0: Ground out 6-3 (Groundball, 6M, EV 78.8 MPH)
|
Batting: LHB Ernesto Abreu
|
0-0: Called Strike 0-1: Hit by Pitch
|
Batting: RHB Tim Persson
|
0-0: Ball 1-0: Foul Ball, location: 2F 1-1: Foul Ball, location: 2F 1-2: Ball 2-2: Ball 3-2: Fly out, F8 (Line Drive, 8RD, EV 88.1 MPH)
|
Batting: SHB Manny Berrones
|
0-0: Ball 1-0: Called Strike 1-1: Ball 2-1: Ball 3-1: Ground out 4-3 (Groundball, 4, EV 108.8 MPH)
|
Top of the 8th over - 0 runs, 0 hits, 0 errors, 1 left on base; Burlington 0 - Texas (APP) 10 |
BOTTOM OF THE 8TH |
Texas (APP) Rangers batting - Pitching for Burlington Royals : RHP Kolenka Leschenya
|
Batting: RHB Robby Adair
|
0-0: Called Strike 0-1: Foul Ball, location: 2F 0-2: Strikes out looking
|
Batting: LHB Tomoya Hashimoto
|
0-0: Called Strike 0-1: Foul Ball, location: 2F 0-2: Ball 1-2: SINGLE (Line Drive, 8RS, EV 98.8 MPH)
|
Batting: RHB David Redman
|
0-0: Called Strike 0-1: Ball 1-1: Ball 2-1: Ball 3-1: Base on Balls Tomoya Hashimoto to second
|
Batting: RHB Jordan Llanes
|
0-0: Swinging Strike 0-1: Fielders Choice at 2nd, 3-6 (Groundball, 34, EV 92.5 MPH) Tomoya Hashimoto to third
|
Batting: RHB Matt Silva
|
0-0: Ball 1-0: Foul Ball, location: 2F 1-1: Fielders Choice at 2nd, 6-4 (Groundball, 6, EV 81.2 MPH)
|
Bottom of the 8th over - 0 runs, 1 hit, 0 errors, 2 left on base; Burlington 0 - Texas (APP) 10 |
TOP OF THE 9TH |
Burlington Royals batting - Pitching for Texas (APP) Rangers : RHP Logan Dietz
|
Pitching: LHP Tony Bravo
|
|
Batting: SHB Danny Ballenger
|
0-0: Ball 1-0: Foul Ball, location: 2F 1-1: Foul Ball, location: 2F 1-2: Fly out, F9 (Flyball, 89S, EV 92.5 MPH)
|
Batting: LHB Bobby Gonzalez
|
0-0: Called Strike 0-1: Foul Ball, location: 2F 0-2: Ball 1-2: SINGLE (Groundball, 4M, EV 101.2 MPH) (infield hit)
|
Batting: SHB Marcos Cortez
|
0-0: Ball 1-0: Ball 2-0: Called Strike 2-1: Swinging Strike 2-2: Strikes out swinging
|
Batting: RHB Rob Ward
|
0-0: Called Strike 0-1: Ground out 1-3 (Groundball, 15S, EV 61.9 MPH)
|
Top of the 9th over - 0 runs, 1 hit, 0 errors, 1 left on base; Burlington 0 - Texas (APP) 10 |
|